cohdb
Replays
Latest Replays
All Replays
Popular Replays
Top Player Replays
Match Explorer
How It Works
Community
CoH3 Stats
Reddit
Sign in to upload your games and track your stats! →
Sign in with Steam
Match 41494817
Unlisted
Match 41494817
Overview
Messages
Build Orders
End
Selects Italian Infantry
Panzergrenadier Squad
250 Light Carrier
Panzergrenadier Squad
Construct Light Support Kompanie
Panzerjäger Squad
Combat Half-tracks
Construct Mechanized Kompanie
Support Armor Elements
254 Reconnaissance Tractor
Pak 38 Mechanized Group
2.5-tonne Medical Truck
Selects Guastatori Squad
Selects L6/40 Light Tank Combat Group
Panzerpioneer Squad
18-tonne Recovery Half-track
Construct Panzerarmee Kommand
Selects Towed Cannone da 105/28 Field Howitzer
Towed Cannone da 105/28 Field Howitzer
Flak 36 Anti-tank Gun Team
Selects Sound the Alarm
Selects Prepared Positions
Advanced Optics
Panzer III L Medium Tank
Armored Reserves
Tungsten Core Ammunition
Tiger Heavy Tank
18-tonne Recovery Half-track
18-tonne Recovery Half-track
Particycles
banksss33
Milliam
Tenal Jan
Ares
catareck
CPU - Noob
Still In Love
0
0
Comments
sign in to comment!
No comments posted yet!